AoeStats
← roms1998

Arabia

505677489Analyzed
2v2 RM · 21d ago on Sep 10, 2026· 65m 48s· 4 players
Game mode
Random Map
Map size
Medium (4 player)
Population
200
Speed
Normal
Resources
Standard
Victory
Conquest
Starting age
Dark Age
Ending age
Imperial Age
RankedLock teamsTeams togetherTeam positionsShared explorationLock speedFull tech treeHidden civsTurbo modeCheats
Victory
Defeat
🇪🇸 Franks · Spain
1122
+14
🇪🇸 Inca · Spain
1110
+14
🇫🇷 Romans · France
1077
-14
🇧🇪 Poles · Belgium
1076
-14
roms1998
7:19 Loom
9:32 Feudal Age
9:55 Horse Collar
10:03 Double-Bit Axe
15:56 Bloodlines
17:49 Forging
23:14 Castle Age
21:53 Scale Barding Armor
24:01 Husbandry
23:25 Light Cavalry
25:50 Iron Casting
30:53 Wheelbarrow
30:06 Town Watch
31:10 Chain Barding Armor
31:38 Bow Saw
32:30 Szlachta Privileges
32:27 Heavy Plow
35:18 Hand Cart
36:35 Town Patrol
40:10 Imperial Age
38:10 Murder Holes
38:35 Ballistics
37:58 Treadmill Crane
38:54 Gold Mining
38:59 Stone Mining
40:25 Fletching
40:21 Cavalier
42:17 Blast Furnace
41:52 Crop Rotation
42:25 Chemistry
41:47 Conscription
43:42 Lechitic Legacy
45:35 Winged Hussar
50:41 Hoardings
57:24 Bodkin Arrow
Lü Bu
9:31 Feudal Age
11:19 Loom
12:41 Wheelbarrow
11:37 Man-at-Arms
22:02 Castle Age
22:11 Long Swordsman
23:06 Gold Mining
26:14 Town Watch
26:57 Scale Mail Armor
28:45 Forging
28:51 Chain Mail Armor
30:27 Iron Casting
30:21 Double-Bit Axe
30:54 Hand Cart
33:52 Town Patrol
40:01 Imperial Age
38:06 Fortified Wall
37:53 Murder Holes
41:16 Bow Saw
40:49 Horse Collar
42:01 Capped Ram
46:36 Blast Furnace
45:24 Legionary
57:35 Light Cavalry
58:26 Bloodlines
61:13 Heavy Plow
King Castilla
6:28 Loom
9:20 Feudal Age
20:42 Castle Age
19:13 Double-Bit Axe
21:27 Forging
21:23 Scale Barding Armor
24:26 Iron Casting
31:17 Wheelbarrow
34:22 Stone Mining
34:46 Town Watch
35:17 Hand Cart
38:26 Chain Barding Armor
40:52 Imperial Age
38:23 Town Patrol
38:58 Gold Mining
40:19 Husbandry
40:55 Cavalier
42:56 Blast Furnace
44:10 Plate Barding Armor
43:36 Paladin
47:49 Chemistry
49:36 Pikeman
50:20 Scale Mail Armor
50:29 Halberdier
53:46 Conscription
55:03 Chain Mail Armor
54:35 Light Cavalry
61:33 Plate Mail Armor
63:05 Squires
62:51 Arson
66:36 Bow Saw
[GiGi] Dios
10:10 Feudal Age
10:26 Loom
10:49 Town Watch
11:13 Double-Bit Axe
11:11 Horse Collar
16:37 Gold Mining
17:14 Fletching
17:28 Padded Archer Armor
23:31 Castle Age
24:23 Wheelbarrow
23:36 Crossbowman
24:13 Bodkin Arrow
24:34 Leather Archer Armor
24:38 Bow Saw
24:47 Heavy Plow
26:39 Leather Archer Armor
32:03 Thumb Ring
32:41 Stone Mining
35:34 Forging
35:24 Scale Mail Armor
39:39 Imperial Age
37:51 Gold Shaft Mining
41:23 Arbalester
42:40 Iron Casting
42:08 Bracer
43:01 Iron Casting
43:27 Hand Cart
42:56 Elite Kamayuk
44:42 Hoardings
45:56 Blast Furnace
45:12 Chain Mail Armor
45:47 Conscription
47:38 Fabric Shields
48:58 Plate Mail Armor
60:52 Ballistics
61:32 Chemistry
Connection lost

Rejoining the realm…

Still unreachable

The connection could not be restored.

Session expired

The server has moved on; the page needs a fresh start.